 Dungeon Crawl Stone Soup version 0.17-a0-2211-gbb7320e (webtiles) character file.

3343 Gargoyl the Covered (level 9, 0/64 HPs)
             Began as a Demonspawn Abyssal Knight on Oct 27, 2015.
             Was a High Priest of Lugonu.
             Killed by a spatial distortion (3 damage)
             ... on level 8 of the Dungeon.
             The game lasted 00:16:17 (9475 turns).

Gargoyl the Covered (Demonspawn Abyssal Knight)     Turns: 9475, Time: 00:16:18

Health: 0/64       AC: 16    Str: 16      XL:     9   Next: 72%
Magic:  11/11      EV:  9    Int: 13 (15) God:    Lugonu [*****.]
Gold:   411        SH:  0    Dex: 13      Spells: 0 memorised, 8 levels left

rFire  + . .     SeeInvis .     s - +1 war axe (elec)
rCold  + . .     Rnd*Rage +     A - +1 chain mail {rC+}
rNeg   . . .     SustAt   .     (no shield)
rPois  .         Gourm    .     d - +2 hat
rElec  .         Spirit   .     (no cloak)
rCorr  .         Warding  .     (no gloves)
rMut   .         Stasis   .     C - +0 pair of boots
MR     .....                    (no amulet)
Stlth  ..........               (no ring)
                                q - ring of protection from fire

@: not resistant to hostile enchantments, extremely unstealthy
A: antennae 2, molten scales 1, berserk 1, clever 1, demonic guardian 1, frail
1, nightstalker 1, spit poison 1
a: Spit Poison, Depart the Abyss, Bend Space, Banish, Corrupt, Enter the Abyss,
Renounce Religion


You were on level 8 of the Dungeon.
You worshipped Lugonu.
Lugonu was extremely pleased with you.
You were not hungry.

You visited 1 branch of the dungeon, and saw 8 of its levels.
You visited the Abyss 1 time.

You collected 411 gold pieces.

Inventory:

Hand Weapons
 s - a +1 war axe of electrocution (weapon)
 t - a +0 flail
 z - the +7 flail of Demonkind {freeze, rN+, unknown}
   (You found it on level 6 of the Dungeon)

   It has been specially enchanted to freeze those struck by it, causing extra
   injury to most foes and up to half again as much damage against particularly
   susceptible opponents.
   It can also slow down cold-blooded creatures.
   It protects you from negative energy.
Missiles
 j - 4 tomahawks of dispersal (quivered)
 m - 36 tomahawks
Armour
 d - a +2 hat (worn)
 A - a +1 chain mail of cold resistance (worn)
 C - a +0 pair of boots (worn)
Jewellery
 k - an uncursed ring of wizardry {unknown}
 q - a ring of protection from fire (left hand)
Wands
 h - a wand of disintegration (11)
 l - a wand of disintegration (15)
 p - a wand of draining (5)
 u - a wand of digging (14)
 x - a wand of lightning (9)
Scrolls
 e - 11 scrolls of identify
 g - a scroll of magic mapping {unknown}
 v - a scroll of enchant armour
 w - 2 scrolls of teleportation
Potions
 a - a potion of resistance
 b - a potion of degeneration
 c - 2 potions of brilliance
 f - a potion of curing
 r - 2 potions of flight
Comestibles
 i - 5 meat rations
 n - 4 bread rations
 o - 6 beef jerkies


   Skills:
 + Level 7.0 Fighting
 + Level 6.8 Axes
 + Level 0.1 Throwing
 + Level 7.4 Armour
 + Level 5.1 Dodging
 + Level 1.9 Stealth
 + Level 2.7 Invocations


You had 8 spell levels left.
You didn't know any spells.

Dungeon Overview and Level Annotations

Branches:
Dungeon (8/15)             Temple (0/1) D:5
   Lair: D:8-11

Altars:
Dithmenos
Makhleb
Okawaru
Qazlal
Trog
Xom
Zin


Innate Abilities, Weirdness & Mutations

You have a pair of antennae on your head.
You are partially covered in molten scales (AC +1).
A weak demonic guardian rushes to your aid.
You are slightly more attuned to the shadows.
You tend to lose your temper in combat.
Your mind is acute. (Int +2)
You are frail (-10% HP).
You can spit weak poison.


Message History

You closely miss the orc priest.
You hit the orc warrior but do no damage.
The orc warrior is severely wounded.
The orc warrior hits you with a trident!
* * * LOW HITPOINT WARNING * * *
The orc priest hits you with a mace.
* * * LOW HITPOINT WARNING * * *
You closely miss the orc priest. You hit the orc warrior.
The orc warrior is severely wounded.
The orc warrior hits you but does no damage.
The orc priest hits you but does no damage.
Drink which item? (? for menu, Esc to quit)
You feel better.
The orc warrior hits you with a trident.
* * * LOW HITPOINT WARNING * * *
The orc priest mumbles some strange prayers to Beogh against you.
Something smites you!
* * * LOW HITPOINT WARNING * * *
Space bends around you!
You blink.
You die...

##..# #....
#...###..#
#.#......#
#.#..###.#
..#....#.#
#######...#
#..!.### #
#..###
#.#.@#
#...)#
##.#.#
#o#5# #{#o#
# #ยง# #o#


.oo ##... You could see an orc warrior, an orc priest, an orc and a friendly
white imp.

Vanquished Creatures
  The ghost of Leibowitz the Sneak, a novice DgAs (D:5)
  Prince Ribbit (D:7)
  A hippogriff (D:7)
  2 black bears
  A water moccasin (D:5)
  2 necrophages (D:5)
  2 centaurs (D:5)
  An ogre (D:7)
  A phantom (D:4)
  2 giant frogs
  A jelly (D:6)
  4 scorpions
  A water moccasin skeleton (D:7)
  4 wights (D:6)
  5 crimson imps
  7 orc priests
  A quasit (D:8)
  A giant frog skeleton (D:6)
  4 hounds
  3 iguanas (D:5)
  Natasha (thrice) (D:3)
  8 orc wizards
  4 worker ants
  A hound zombie (D:7)
  8 gnolls
  7 adders
  4 shadow imps
  An ooze (D:4)
  2 worms (D:2)
  4 giant geckos
  26 orcs
  A ball python (D:4)
  7 bats
  6 giant cockroaches
  18 hobgoblins
  4 jackals
  8 kobolds
  7 giant newts
  12 goblins
  A quokka skeleton (D:4)
  40 rats
217 creatures vanquished.

Vanquished Creatures (collateral kills)
  An ogre (D:6)
1 creature vanquished.

Grand Total: 218 creatures vanquished

Notes
Turn   | Place    | Note
--------------------------------------------------------------
     0 | Abyss:1  | Gargoyl the Demonspawn Abyssal Knight began the quest for the Orb.
     0 | Abyss:1  | Reached XP level 1. HP: 18/18 MP: 2/2
    86 | Abyss:1  | Noticed a small abomination
   105 | Abyss:2  | Noticed a worldbinder
   114 | Abyss:2  | Noticed an ice beast
   136 | D:1      | Escaped the Abyss
   387 | D:1      | Reached skill level 1 in Dodging
   501 | D:1      | Reached * piety under Lugonu
   501 | D:1      | Gained mutation: You have a pair of small antennae on your head. [demonic ancestry]
   501 | D:1      | Reached XP level 2. HP: 24/24 MP: 3/3
  1458 | D:2      | Found a stormy altar of Qazlal.
  1534 | D:2      | Gained mutation: You have a pair of antennae on your head. [demonic ancestry]
  1534 | D:2      | Reached XP level 3. HP: 29/29 MP: 3/5
  2011 | D:2      | Reached ** piety under Lugonu
  2460 | D:3      | Noticed Natasha
  2474 | D:3      | Killed Natasha
  2474 | D:3      | Reached skill level 4 in Fighting
  2474 | D:3      | Reached XP level 4. HP: 12/37 MP: 6/6
  2712 | D:3      | Noticed Natasha
  2722 | D:3      | Killed Natasha
  2779 | D:3      | Noticed Natasha
  2783 | D:3      | Killed Natasha
  3566 | D:3      | Found an iron altar of Okawaru.
  3566 | D:3      | Found a bloodstained altar of Trog.
  3633 | D:3      | Gained mutation: You are slightly more attuned to the shadows. [demonic ancestry]
  3633 | D:3      | Reached XP level 5. HP: 36/42 MP: 7/7
  3652 | D:3      | Reached *** piety under Lugonu
  4435 | D:4      | Gained mutation: You are partially covered in molten scales (AC +1). [demonic ancestry]
  4435 | D:4      | Reached XP level 6. HP: 45/49 MP: 8/8
  4503 | D:4      | Noticed a phantom
  4536 | D:4      | Killed a phantom
  4536 | D:4      | Reached **** piety under Lugonu
  4536 | D:4      | Reached skill level 1 in Stealth
  5003 | D:4      | Reached XP level 7. HP: 55/55 MP: 9/9
  5289 | D:5      | Entered Level 5 of the Dungeon
  5303 | D:5      | Found a staircase to the Ecumenical Temple.
  5555 | D:5      | Reached skill level 5 in Fighting
  5568 | D:5      | Noticed Leibowitz's ghost (novice DgAs)
  5569 | D:5      | Found a bloodstained altar of Trog.
  5601 | D:5      | Killed Leibowitz's ghost
  5601 | D:5      | Reached XP level 8. HP: 17/62 MP: 10/10
  5917 | D:5      | Reached skill level 5 in Armour
  6054 | D:5      | Found a shadowy altar of Dithmenos.
  6111 | D:5      | Found a shimmering altar of Xom.
  6152 | D:5      | Reached ***** piety under Lugonu
  6212 | D:5      | Reached skill level 5 in Axes
  6232 | D:5      | Gained mutation: You are frail (-10% HP). [potion of mutation]
  6232 | D:5      | Gained mutation: Your mind is acute. (Int +2) [potion of mutation]
  6232 | D:5      | Gained mutation: You tend to lose your temper in combat. [potion of mutation]
  6831 | D:5      | Reached skill level 6 in Fighting
  6844 | D:5      | Gained mutation: A weak demonic guardian rushes to your aid. [demonic ancestry]
  6844 | D:5      | Reached XP level 9. HP: 16/62 MP: 11/11
  7508 | D:6      | Got a warped flail
  8417 | D:7      | Reached skill level 7 in Armour
  8427 | D:7      | Gained mutation: You can spit weak poison. [potion of beneficial mutation]
  8730 | D:7      | Reached skill level 5 in Dodging
  8952 | D:7      | Found a glowing silver altar of Zin.
  9072 | D:7      | Found a burning altar of Makhleb.
  9229 | D:7      | Noticed Prince Ribbit
  9241 | D:7      | Killed Prince Ribbit
  9474 | D:8      | HP: 3/64 [orc priest/divine providence (13)]
  9475 | D:8      | Killed by a spatial distortion

Vault maps used:
D:1:      elethiomel_arrival_fortress_basement
D:2:      forest_paths, grunt_temple_overflow_magic_moments,
          lemuel_crystal_altar
D:3:      amethyst_overflow_temple_binary, first_bread,
          minmay_rats_cheesy_pizza, uniq_natasha
D:4:      corexii_shack_village, minmay_vboxes
D:5:      led_xom_imps, grunt_dithmenos_shadows, minmay_temple_entry_large_hall,
          bloody_trog
D:7:      makhleb_heckhound_becter, zin_statuary, grunt_ogre_cave,
          uniq_prince_ribbit1
D:8:      grunt_temple_overflow_open, basic_altar
Abyss:2:  serial_sigils_hangedman_snap

Action                   |  1- 3 |  4- 6 |  7- 9 || total
-------------------------+-------+-------+-------++-------
Melee: Hand axe          |   161 |    51 |       ||   212
       War axe           |       |   152 |   306 ||   458
Throw: Tomahawk          |       |     2 |     1 ||     3
Invok: Depart the Abyss  |     1 |       |       ||     1
 Abil: Spit Poison       |       |       |     2 ||     2
  Use: Scroll            |     4 |       |     6 ||    10
       Potion            |     1 |     3 |    11 ||    15
 Stab: Sleeping          |       |     2 |       ||     2
  Eat: Bread ration      |     1 |     2 |     2 ||     5
       Royal jelly       |     1 |       |       ||     1
       Pizza             |       |     1 |       ||     1
       Beef jerky        |       |       |     2 ||     2
       Fruit             |       |       |     1 ||     1
